Arahael, chaotic male elven Wizard ---------- -------- |.........##### ----- |...`..| |........| # ----- |....###############.......| --------- |........| ##-...| #-...| |......| |.......| #.........| |...-#######|...| -.------ |........#####---------- ----- ----- ## |...<...| # |.......| ### ----|---- # ## ## # ---.------ # ---------------- |........| # # |...............# |........| # -----|------ ######&@&&#######...............|#####.........| -----|- |..........| # |..............| |......>.| |.#...| |...........## |..............| |........| |.....|######...........| ---------------- ---------- |.....-# |..........| ------- ------------ Arahael the Conjurer Experience level: 5 Strength: 9 Dexterity: 13 Constitution: 14 Intelligence: 20 Wisdom: 10 Charisma: 9 Health: 0(40) Energy: 9(51) AC: 9 Gold: 95 Moves: 1220 Your Inventory: Coins $ - 95 gold pieces Weapons a - a blessed +1 quarterstaff (weapon in hands) Armor b - an uncursed +0 cloak of magic resistance (being worn) r - an [uncursed] +0 cloak of protection z - a blessed rusty +1 iron skull cap [orcish helm] Scrolls i - 2 uncursed scrolls of identify k - a blessed scroll of magic mapping p - a [blessed] scroll labeled ELAM EBOW [of destroy armor] Spellbooks l - a blessed spellbook of force bolt m - an uncursed spellbook of create monster x - an [uncursed] spellbook of invisibility Potions g - 2 uncursed clear potions [of water] h - an uncursed potion of restore ability Rings d - an uncursed +1 ring of increase accuracy e - an uncursed ring of regeneration (on left hand) w - an [uncursed] moonstone ring [of searching] Wands c - an uncursed wand of slow monster (0:6) Tools n - an uncursed leather drum v - an [uncursed oil] lamp B - a [blessed] fireproof bag [sack] Gems q - an [uncursed] blue gem [worthless glass] Contents of the sack: an [uncursed] mottled spellbook [of confuse monster] Spells known in the end: Name Level Category Fail Memory a - force bolt 1 attack 0% [||||||||] b - create monster 2 clerical 39% [||||||||] c - invisibility 4 escape 94% [||||||||] Your skills at the end: Fighting Skills Weapon Skills quarterstaff [Basic / Expert] Spellcasting Skills attack spells [Basic / Expert] enchantment spells [Basic / Skilled] Final Attributes: You were devoutly aligned. Hunger level was -4. Your alignment was 15 / 16. Monster difficulty range was 0 - 3. Level difficulty was 2. You were immune to sleep. You were magic-protected. You saw invisible. You had infravision. You regenerated. Your luck was zero. You are dead. Vanquished creatures: a water moccasin a giant bat 2 iguanas 2 coyotes a large kobold a cave spider 2 green molds a red mold 4 jackals a fox a goblin 6 grid bugs a bat 2 lichens 3 kobold zombies a newt 30 creatures vanquished. Voluntary challenges: You were an atheist. You used a wielded weapon 26 times. You read items or engraved 2 times. You put on armor 5 times. You never genocided any monsters. You never polymorphed an object. You never changed form. You used 1 wish. You did not wish for any artifacts. You never wrote Elbereth's name. You never encountered a bones level. You never used any Sokoban shortcuts. Dungeon overview: The Dungeons of Doom: levels 1 to 3 Level 1 a long staircase Level 2 <- You were here a sink History has recorded: On T:1 you entered the Dungeons of Doom to retrieve the Amulet of Yendor! On T:167 you reached level 2 of The Dungeons of Doom. On T:438 you reached level 3 of The Dungeons of Doom. On T:499 you advanced to experience level 2. On T:643 you advanced to experience level 3. On T:885 you advanced to experience level 4. On T:1125 you wished for "blessed fixed oilskin bag". On T:1145 you advanced to experience level 5. Latest messages: The water demon bites! You faint from lack of food. [HP-2=38] The water demon hits! (2x) The water demon bites! The water demon hits! (2x) The water demon bites! [HP-9=29] The water demon hits! (2x) The water demon bites! The water demon hits! (2x) The water demon bites! [HP-13=16] The water demon hits! (2x) The water demon bites! The water demon hits! (2x) The water demon bites! [HP-8=8] The water demon hits! (2x) The water demon bites! The water demon hits! (2x) You die... Final status: Goodbye Arahael the Wizard... You died in The Dungeons of Doom on dungeon level 2 with 862 points, and 95 pieces of gold, after 1220 moves. You were level 5 with a maximum of 40 hit points when you died.